 Dungeon Crawl Stone Soup version 0.14.1-25-g305bacd (console) character file.

17520646 bloodax the Meteorologist (level 27, 224/224 HPs)
             Began as a Demonspawn Air Elementalist on June 30, 2014.
             Was the Champion of Makhleb.
             Escaped with the Orb
             ... and 15 runes on July 6, 2014!
             The game lasted 11:07:47 (88850 turns).

bloodax the Meteorologist (DsAE)                   Turns: 88850, Time: 11:07:47

HP 224/224       AC 35     Str 20      XL: 27
MP  43/49        EV 34     Int 27      God: Makhleb [******]
Gold 13330       SH 32     Dex 30      Spells: 14 memorised,  8 levels left

rFire  + + +     SeeInvis +     a - +10 cutlass of Contention {speed, Str+2}
rCold  + + +     Clarity  .     h - +4 ring mail of Lilynide {rF++ Dam+4}
rNeg   + + +     Conserve +     B - +1 shield "Zete" {Str+2 Dex+1 Int+2}
rPois  +         rCorr    .     (helmet unavailable)
rElec  .         rRot     +     Y - +3 cloak "Crelae Neell" {rPois MR+ Stlth}
SustAb . .       Spirit   .     r - +0 pair of gloves of Negligence {Str+4 Dex+3}
rMut   .         Warding  .     o - +1 pair of boots of the Wilderness {Dex+3 Int+2}
Saprov . . .     Stasis   .     u - cursed amulet of conservation
MR     ++++.                    p - cursed ring of the Coward {+Rage rF+ rC+ SInv}
                                j - cursed +6 ring of protection

@: lich-form, deflect missiles, incredibly resistant to hostile enchantments,
extremely stealthy
A: horns 3, talons 1, thin skeletal structure 3, blink 1, breathe flames 1, cold
resistance 1, demonic guardian 3, nightstalker 3, augmentation 3
a: End Transformation, Blink, Minor Destruction, Lesser Servant of Makhleb,
Major Destruction, Greater Servant of Makhleb, Renounce Religion, Breathe Fire,
Evoke Berserk Rage
0: Orb of Zot
}: 15/15 runes: decaying, slimy, silver, golden, iron, obsidian, icy, bone,
abyssal, demonic, glowing, magical, fiery, dark, gossamer


You escaped.
You worshipped Makhleb.
Makhleb was exalted by your worship.
You were not hungry.
You were in lich-form.
You visited 19 branches of the dungeon, and saw 99 of its levels.
You visited Pandemonium 2 times, and saw 28 of its levels.
You visited the Abyss 3 times.
You completed 1 Ziggurat, and saw 27 of its levels.
You also visited: Trove, Bailey and Ice Cave.

You collected 16318 gold pieces.
You spent 2988 gold pieces at shops.

Inventory:

Hand weapons
 a - the cursed +10,+10 cutlass of Contention (weapon) {speed, Str+2}
   (You bought it in a shop on level 7 of the Dungeon)

   Attacks with this weapon are significantly faster.
   It affects your strength (+2).
   It has a curse placed upon it.
 b - the cursed +15,+15 crossbow "Sniper" {velocity, SInv}
   (You found it on level 23 of a ziggurat)

   Any bolt fired from it inflicts extra damage.
   It enhances your eyesight.
   It has a curse placed upon it.
 f - the cursed +6,+6 Sword of Cerebov {flame}
   (You took it off Cerebov in Pandemonium)

   It emits flame when wielded, causing extra injury to most foes and up to
   double damage against particularly susceptible opponents.
   Big, fiery blades are also staple armaments of hydra-hunters.
   It has a curse placed upon it.
 J - the cursed +4,+4 Staff of Dispater
   (You took it off Dispater on level 7 of the Iron City of Dis)

   It has a curse placed upon it.
 U - the cursed +7,+7 lajatang of Order {silver, rMut}
   (You found it on level 7 of Gehenna)

   It has a curse placed upon it.
 X - the cursed +7,+7 Sceptre of Asmodeus
   (You took it off Asmodeus on level 7 of Gehenna)

   It has a curse placed upon it.
Armour
 h - the cursed +4 ring mail of Lilynide (worn) {rF++ Dam+4}
   (Okawaru gifted it to you on level 11 of the Dungeon)

   It affects your damage with ranged weapons and melee attacks (+4).
   It greatly protects you from fire.
   It has a curse placed upon it.
 o - the cursed +1 pair of boots of the Wilderness (worn) {Dex+3 Int+2}
   (Okawaru gifted it to you on level 2 of the Vaults)

   It affects your intelligence (+2).
   It affects your dexterity (+3).
   It has a curse placed upon it.
 r - the cursed +0 pair of gloves of Negligence (worn) {Str+4 Dex+3}
   (Okawaru gifted it to you on level 3 of the Depths)

   It affects your strength (+4).
   It affects your dexterity (+3).
   It has a curse placed upon it.
 B - the cursed +1 shield "Zete" (worn) {Str+2 Dex+1 Int+2}
   (You found it on level 27 of a ziggurat)

   It affects your strength (+2).
   It affects your intelligence (+2).
   It affects your dexterity (+1).
   It has a curse placed upon it.
 Y - the cursed +3 cloak "Crelae Neell" (worn) {rPois MR+ Stlth}
   (Okawaru gifted it to you on level 5 of the Spider Nest)

   It protects you from poison.
   It affects your resistance to hostile enchantments.
   It makes you more stealthy.
   It has a curse placed upon it.
Magical devices
 v - a wand of heal wounds (9)
 C - a wand of hasting (7)
 E - a wand of teleportation (5)
Comestibles
 c - 2 pieces of ambrosia
 T - a meat ration
Scrolls
 g - 3 scrolls of remove curse
 k - 3 scrolls of identify
 w - 2 scrolls of vulnerability
 A - 11 scrolls of enchant armour
 M - 7 scrolls of recharging
 Q - 4 scrolls of blinking
Jewellery
 d - the cursed ring of Uqetuuh {rElec rPois rC+ SInv}
   (You found it in Pandemonium)

   [ring of protection from cold]

   It insulates you from electricity.
   It protects you from poison.
   It enhances your eyesight.
   It has a curse placed upon it.
 e - a cursed amulet of clarity
 j - a cursed +6 ring of protection (left hand)
 p - the cursed ring of the Coward (right hand) {+Rage rF+ rC+ SInv}
   (You found it on level 10 of a ziggurat)

   [ring of see invisible]

   It protects you from fire.
   It protects you from cold.
   It lets you go berserk.
   It has a curse placed upon it.
 u - a cursed amulet of conservation (around neck)
 x - a cursed ring of sustain abilities
 z - a cursed +6 ring of intelligence
 G - a cursed amulet of resist mutation
 P - the cursed ring "Shul" {rF+ rC+ Dam+4}
   (You found it on level 3 of the Swamp)

   [ring of protection from fire]

   It affects your damage with ranged weapons and melee attacks (+4).
   It protects you from cold.
   It has a curse placed upon it.
Potions
 m - 20 potions of curing
 n - 9 potions of heal wounds
 D - 15 potions of cure mutation
 L - 5 potions of restore abilities
Books
 s - a Necronomicon

   Spells                             Type                      Level
   Haunt                              Necromancy/Summoning         7
   Borgnjor's Revivification          Necromancy                   8
   *Death's Door                      Charms/Necromancy            8
   *Necromutation                     Transmutation/Necromancy     8
Miscellaneous
 l - a legendary deck of war {the Elixir, drawn: 7}
 t - a legendary deck of changes {Vitrification}


   Skills:
 - Level 20.0 Fighting
 - Level 14.0 Short Blades
 - Level 20.0 Armour
 - Level 20.0 Dodging
 * Level 25.8 Stealth
 - Level 15.0 Shields
 O Level 27 Spellcasting
   Level 1.0 Conjurations
 - Level 20.0 Hexes
 - Level 10.0 Charms
 - Level 20.0 Necromancy
 - Level 15.0 Transmutations
 O Level 27 Air Magic
 - Level 14.0 Evocations


You had 8 spell levels left.
You knew the following spells:

 Your Spells              Type           Power        Failure   Level  Hunger
a - Sure Blade            Hex/Chrm       ########..   0%          2    N/A
b - Mass Confusion        Hex            ########..   1%          6    N/A
c - Tornado               Air            #########.   3%          9    N/A
q - Sublimation of Blood  Necr           #########.   0%          2    N/A
x - Haste                 Chrm           ########     1%          6    N/A
z - Necromutation         Trmt/Necr      #########.   4%          8    N/A
A - Apportation           Tloc           ######....   1%          1    N/A
D - Darkness              Hex            ########..   1%          7    N/A
F - Flight                Chrm/Air       ########..   0%          3    N/A
I - Invisibility          Hex            ########     1%          6    N/A
Q - Death's Door          Chrm/Necr      #########.   12%         8    N/A
S - Silence               Hex/Air        #########.   0%          5    N/A
X - Deflect Missiles      Chrm/Air       ########..   1%          6    N/A
Z - Regeneration          Chrm/Necr      #########.   0%          3    N/A

Dungeon Overview and Level Annotations

Branches:
Dungeon (15/15)            Temple (1/1) D:7             Orc (4/4) D:12
    Elf (3/3) Orc:4          Lair (8/8) D:11          Swamp (5/5) Lair:3
 Spider (5/5) Lair:4        Slime (6/6) Lair:6       Vaults (5/5) D:13
  Blade (1/1) Vaults:4      Crypt (5/5) Vaults:2       Tomb (3/3) Crypt:2
   Hell (1/1)                 Dis (7/7) Hell            Geh (7/7) Hell
    Coc (7/7) Hell            Tar (7/7) Hell            Zot (5/5) Depths:5
 Depths (5/5) D:15

Altars:
Ashenzari
Cheibriados
Dithmenos
Elyvilon
Fedhas
Kikubaaqudgha
Makhleb
Nemelex Xobeh
Okawaru
Sif Muna
Trog
Vehumet
Xom
Yredelemnul
Zin
The Shining One
Beogh
Jiyva

Shops:
D:7 *   D:8 *   D:13 (   Orc:2 %   Orc:4 *!%!   Elf:2 *   Elf:3 (
Vaults:2 ?(([*   Vaults:3 *

Portals:
Hell: Depths:1 Depths:2 Depths:4 Depths:5
Abyss: Depths:4
Pandemonium: Depths:3


Innate Abilities, Weirdness & Mutations

You have a pair of large horns on your head.*
You have an unnaturally thin skeletal structure (Dex +6, Stealth++).
A powerful demonic guardian rushes to your aid.
You are completely attuned to the shadows.
Your magical and physical power is greatly enhanced at high health.
You have sharp toenails.*
You can translocate small distances at will.
You can breathe flames.
Your flesh is cold resistant.*


Message History

You can't unwield your weapon to draw a new one!
Unknown command.
There is a staircase leading out of the dungeon here.
Unknown command.
Unknown command.
Unknown command.
Unknown command.
Unknown command.
Save game and exit?
Welcome back, bloodax the Demonspawn Air Elementalist.
Blood and souls for Makhleb!
Press ? for a list of commands and other information.
Evoke which item? (* to show all) (? for menu, Esc to quit)
Okay, then.
Unknown command.
Read which item? (? for menu, Esc to quit)
Okay, then.
Unknown command.
Enter note: enough You have escaped!

.........###.##.####...........#
#.#####..###.##.## #.#%.######.#
.## #......##..# #.#..# #.#
#######.#.######.######.## #.#
..........#≈≈≈≈♣≈♣≈≈≈≈#..### #.#
...)......#≈.♣.....P.≈#....# #.#
..#####.#.#≈♣♣♣...PPP≈##.#.###.#
..# #...#♣.♣.....P.♣#......#.#
..# ##........L........###.#.#
..# #..#♣.......P.♣#..# #...#
..# #..#≈......PPP≈#..###.###
#.# #..#≈.......P.≈#......# #.#
#.##≈...♣.♣...≈#.##.### #.#
#.##≈≈≈≈♣.♣≈≈≈≈#.##.# #.#
#.#######.######.##.# #.######.#
#.....# #.##.# ....#....#
#.#.########.##>#


There were no monsters in sight!

Vanquished Creatures
  Antaeus (Coc:7)
  Asmodeus (Geh:7)
  Cerebov (Pan)
  the royal jelly (Slime:6)
  Ereshkigal (Tar:7)
  Gloorx Vloq (Pan)
  Mnoleg (Pan)
  Lom Lobon (Pan)
  Dispater (Dis:7)
  the Serpent of Hell (Geh:7)
  2 orbs of fire (Zot:5)
  9 ancient liches
  34 greater mummies
  Saint Roka (Crypt:1)
  6 curse toes
  Sojobo (Depths:2)
  Margery (Depths:4)
  Norris (Swamp:4)
  Mennas (Crypt:2)
  14 Killer Klowns
  Geryon (Hell)
  2 golden dragons (shapeshifter) (Zig:27)
  8 golden dragons
  Xtahua (Depths:5)
  Frederick (Vaults:3)
  2 electric golems
  16 bone dragons
  A profane servitor (Zig:19)
  31 pandemonium lords
  12 Brimstone Fiends
  29 tentacled monstrosities
  14 Hell Sentinels
  Asterion (Swamp:3)
  A hellephant (Tomb:2)
  37 Orb Guardians
  7 deep elf blademasters
  21 Ice Fiends
  17 Shadow Fiends
  19 titans
  12 deep elf master archers
  10 storm dragons
  22 Executioners
  13 acid blobs
  5 quicksilver dragons
  14 liches
  A quicksilver dragon (shapeshifter) (Zig:27)
  2 sphinxes (shapeshifter) (Zig:27)
  7 eldritch tentacles
  3 tentacled starspawn
  9 ancient champions
  An azure jelly (shapeshifter) (Zig:27)
  The ghost of hcnick the Convoker, a mighty DESu of Sif Muna (Crypt:1)
  9 blood saints
  Rupert (D:15)
  Agnes (Depths:2)
  10 tengu reavers
  Frances (D:15)
  Kirke (Swamp:4)
  8 sphinxes
  7 shadow dragons
  10 thorn hunters
  11 revenants
  A fire giant (shapeshifter) (Zig:27)
  9 draconian monks
  6 azure jellies
  3 greater nagas (Zig:17)
  37 fire giants
  5 orc warlords (Zig:13)
  6 ghouls
  19 ghost moths
  19 deep elf sorcerers
  Donald (Crypt:1)
  2 frost giants (shapeshifter) (Zig:27)
  Wiglaf (Crypt:2)
  9 black suns (Pan)
  14 draconian scorchers
  Maud (Lair:7)
  7 iron dragons
  21 frost giants
  55 balrugs
  6 warmongers (Pan)
  The ghost of bloodax the Black Belt, a powerful DsAE of Okawaru (Spider:2)
  7 draconian knights
  14 vault wardens
  84 reapers
  9 draconian zealots
  7 emperor scorpions
  37 cacodemons
  7 spriggan defenders
  An angel (Abyss:5)
  A stone giant (shapeshifter) (Zig:27)
  12 draconian annihilators
  28 stone giants
  11 draconian shifters
  7 deep elf demonologists
  14 draconian callers
  8 salamander firebrands
  25 war gargoyles
  2 apis (Zig:23)
  4 ophanim
  6 grey draconians
  12 corrupters
  4 green draconians
  A dire elephant (shapeshifter) (Zig:27)
  A mottled draconian (shapeshifter) (Zig:27)
  11 dire elephants
  12 vampire knights
  6 red draconians
  2 curse skulls
  6 pale draconians
  8 white draconians
  7 yellow draconians
  8 purple draconians
  3 black draconians
  7 mottled draconians
  9 chaos champions
  3 lorocyprocas
  9 deep elf annihilators
  13 deep elf death magi
  3 merfolk javelineers
  5 unborn
  Snorg (Lair:6)
  14 green deaths
  19 blizzard demons
  3 minotaurs
  13 ettins
  4 crystal guardians
  13 eidola
  15 deep elf high priests
  A merfolk impaler (Zig:5)
  46 mummy priests
  3 death oozes
  14 yaktaur captains
  16 ironheart preservers
  6 quicksilver dragon zombies
  Josephine (D:15)
  33 vault guards
  10 fire dragons
  3 death cobs
  13 spriggan air magi
  15 jiangshi
  Fannar (D:13)
  2 quicksilver dragon skeletons
  23 ice dragons
  4 great orbs of eyes
  15 monstrous demonspawn
  29 dancing weapons
  11 rakshasas
  3 anacondas
  24 hydras
  9 shambling mangroves
  3 ravenous feature mimics (Depths:4)
  4 merfolk aquamancers
  17 ogre magi
  A spectral stone giant (Crypt:2)
  2 spriggan assassins (Zig:23)
  5 satyrs (Zig:23)
  19 alligators
  3 tengu warriors
  3 alligator snapping turtles (Zig:14)
  19 death yaks
  3 thrashing horrors
  5 deep troll shamans
  4 deep troll earth magi
  6 deep dwarf death knights
  4 vampire magi
  7 titan zombies
  7 orc high priests
  A spriggan enchanter (Zig:23)
  7 storm dragon zombies
  16 spriggan berserkers
  16 very ugly things
  2 spectral dire elephants
  5 spectral elves
  58 sun demons
  2 plague shamblers
  2 fire crabs
  67 soul eaters
  2 hell hogs (Geh:7)
  Nergalle (Lair:2)
  A catoblepas (Lair:6)
  2 shock serpents (Zig:8)
  10 iron golems (Dis:7)
  15 iron trolls
  2 wretched stars
  16 hell knights
  A fire crab (shapeshifter) (Vaults:2)
  44 shadow wraiths
  28 ice devils
  3 iron trolls (shapeshifter) (Zig:27)
  The ghost of bloodax the Skirmisher, an experienced DsAE of Okawaru (D:7)
  7 centaur warriors
  3 titan skeletons
  2 cherubim (Abyss:5)
  5 salamander mystics
  24 shadow demons
  6 golden dragon zombies
  4 spatial maelstroms
  30 deep elf knights
  2 storm dragon skeletons
  128 skeletal warriors
  A sea snake (Zig:14)
  6 death drakes
  A deep troll (shapeshifter) (Depths:3)
  47 large abominations
  2 sea snakes (shapeshifter) (Zig:27)
  30 deep trolls
  9 spriggan druids
  20 infernal demonspawn (Pan)
  11 torturous demonspawn (Pan)
  4 unseen horrors
  14 starcursed masses
  9 wizards
  12 swamp dragons
  24 orb spiders
  4 anaconda zombies
  8 deep elf summoners
  5 ice statues
  2 lindwurms (shapeshifter)
  A spectral wolf spider (Crypt:2)
  3 spectral hydras (Swamp:5)
  11 flayed ghosts
  17 gelid demonspawn
  3 giant orange brains
  18 putrid demonspawn
  Erolcha (D:12)
  3 anaconda skeletons
  3 naga ritualists
  3 shadow dragon zombies
  Pikel (D:8)
  A harpy (Zig:15)
  2 deathcaps (Zig:7)
  9 hill giants
  21 necromancers
  A wolf spider zombie (Crypt:2)
  4 golden dragon skeletons
  12 orc knights
  15 ironbrand convokers
  5 cyclopes
  30 deep elf conjurers
  24 phantasmal warriors
  28 hellions
  6 shadow dragon skeletons
  4 stone giant zombies
  5 fire giant zombies
  8 orc sorcerers
  A shining eye (shapeshifter) (Depths:3)
  14 draconian zombies (Zig:26)
  4 manticores
  42 wolf spiders
  2 spectral fire dragons
  11 iron dragon zombies
  7 frost giant zombies
  A tengu skeleton (Zig:24)
  4 spectral humans
  A wolf spider (shapeshifter) (Vaults:5)
  6 shining eyes
  4 griffons
  29 sixfirhies
  2 fauns
  10 oklob plants
  A sphinx skeleton (Zig:25)
  A moth of wrath (shapeshifter) (Zig:15)
  A demonspawn zombie (Pan)
  7 flaming corpses
  14 red wasps
  2 salamanders (Depths:3)
  8 black mambas
  3 iron dragon skeletons
  18 vault sentinels
  5 dire elephant zombies
  16 moths of wrath
  19 elephants
  5 molten gargoyles
  2 shock serpent zombies
  2 fire giant skeletons
  2 titan simulacra
  4 frost giant skeletons
  2 guardian serpents (shapeshifter)
  5 stone giant skeletons
  3 gargoyles
  43 orange demons
  5 guardian serpents
  7 naga magi
  19 spiny frogs
  4 apocalypse crabs (Zig:27)
  32 yaktaurs
  A mermaid (shapeshifter) (Vaults:1)
  42 smoke demons
  A shock serpent skeleton (Tar:7)
  An octopode (shapeshifter) (Abyss:5)
  A spriggan zombie (Zig:7)
  3 emperor scorpion zombies
  2 grey draconian zombies
  3 vapours
  An elf (shapeshifter) (Vaults:4)
  4 dire elephant skeletons
  A queen ant (D:11)
  2 yaktaur zombies
  A spiny frog (shapeshifter) (Vaults:1)
  5 kobold demonologists
  28 tormentors
  6 eyes of devastation
  2 pale draconian zombies (Zig:26)
  10 efreet
  3 feature mimics
  2 anaconda simulacra (Hell)
  2 spectral glowing shapeshifters
  51 red devils
  A red draconian zombie (Zig:26)
  46 iron devils
  2 swamp worm zombies (Swamp:5)
  25 demonic crawlers
  A ghost moth simulacrum (Abyss:3)
  32 freezing wraiths
  3 jumping spiders (shapeshifter)
  3 ancient zymes (Abyss:5)
  9 hydra zombies
  14 giant fireflies
  7 fire drakes
  10 hell beasts
  10 silent spectres
  36 blue devils
  A centaur zombie (D:14)
  6 dryads (Zig:23)
  2 merfolk (Zig:5)
  166 guardian mummies
  5 trolls
  2 golden dragon simulacra
  18 deep elf priests
  A wind drake (shapeshifter) (Vaults:5)
  2 catoblepas zombies
  A tengu simulacrum (Zig:24)
  A wolf spider simulacrum (Tomb:2)
  27 two-headed ogres
  7 fire vortices (Zig:27)
  Sonja (Elf:1)
  20 small abominations
  2 baby alligators (Swamp:3)
  2 polar bears (Orc:2)
  69 hellwings
  2 harpy zombies
  A wind drake (Zig:23)
  13 komodo dragons
  7 tengu conjurers
  A minotaur skeleton (Tomb:3)
  A shadow dragon simulacrum (Depths:4)
  23 giant leeches
  2 boggarts
  A trapdoor spider zombie (Crypt:1)
  3 ettin zombies
  49 jumping spiders
  2 raiju (shapeshifter)
  19 ravens
  17 bog bodies
  A catoblepas skeleton (Crypt:4)
  62 slime creatures
  32 trapdoor spiders
  5 hydra skeletons
  5 boulder beetles
  12 blink frogs
  24 brown oozes
  3 spectral swamp dragons (Swamp:5)
  A baby alligator (shapeshifter) (D:14)
  2 boggarts (shapeshifter)
  8 alligator zombies
  A basilisk (shapeshifter) (Vaults:2)
  3 iron dragon simulacra
  A frost giant simulacrum (Crypt:2)
  9 wandering mushrooms
  A fire dragon zombie (Crypt:4)
  A harpy skeleton (Pan)
  103 flying skulls
  4 basilisks
  3 formicids (shapeshifter)
  5 ice dragon zombies
  22 ynoxinuls
  2 fire giant simulacra
  16 raiju
  2 blink frogs (shapeshifter)
  A grizzly bear (Lair:6)
  A snapping turtle (Zig:5)
  24 tarantellas
  6 ettin skeletons
  A stone giant simulacrum (Hell)
  5 water elementals
  A brown ooze (shapeshifter) (Depths:2)
  4 alligator skeletons
  4 thorn lotuses
  41 deep elf magi
  3 ice dragon skeletons
  A grizzly bear (shapeshifter) (Vaults:3)
  A spriggan (shapeshifter) (Zig:27)
  A trapdoor spider (shapeshifter) (Elf:1)
  44 redbacks
  2 sharks (Spider:5)
  2 fire dragon skeletons
  42 wraiths
  11 spriggans
  43 deep elf fighters
  7 hippogriffs
  17 vampires
  Eustachio (D:9)
  5 golden eyes
  An elephant slug (Lair:6)
  5 air elementals
  51 shadows
  A yak (shapeshifter) (Vaults:3)
  30 yaks
  5 fire elementals
  25 neqoxecs
  A spriggan simulacrum (Depths:4)
  30 ugly things
  2 hogs (Swamp:4)
  20 hungry ghosts
  5 wargs
  13 chaos spawn
  4 elf skeletons
  2 nagas (Zig:8)
  A spectral spiny frog (Crypt:2)
  26 swamp worms
  50 vampire mosquitoes
  2 gelid demonspawn zombies
  5 human zombies
  3 mottled dragons (Vaults:1)
  20 soldier ants (D:11)
  2 monstrous demonspawn zombies (Pan)
  6 tengu zombies
  25 necrophages
  25 water moccasins
  An infernal demonspawn skeleton (Crypt:1)
  2 putrid demonspawn zombies (Pan)
  6 spatial vortices
  A spectral snapping turtle (Crypt:2)
  3 yellow wasps
  13 swamp drakes
  8 porcupines
  8 spiny frog zombies
  13 ice beasts
  40 orc warriors
  8 wolves
  3 alligator simulacra
  A black bear (D:8)
  10 phantoms
  A dwarf (shapeshifter) (Vaults:1)
  2 human skeletons (D:14)
  A catoblepas simulacrum (Crypt:4)
  An elephant zombie (Crypt:3)
  A red wasp simulacrum (D:15)
  3 hydra simulacra
  7 spiny frog skeletons
  5 sky beasts
  3 snapping turtle zombies
  44 hell hounds
  20 spiders
  5 giant goldfish
  2 boring beetles
  A manticore zombie (Crypt:1)
  5 snapping turtle skeletons
  5 swamp dragon zombies
  2 elf simulacra
  An ettin simulacrum (Coc:4)
  A swamp dragon skeleton (Crypt:2)
  63 ogres
  6 big kobolds
  17 crocodiles
  Sigmund (D:3)
  4 manticore skeletons
  Duvessa (D:4)
  An ogre (shapeshifter) (Abyss:5)
  20 centaurs
  6 brain worms
  9 giant slugs
  A chimera zombie (Crypt:3)
  A giant slug zombie (D:15)
  A glowing shapeshifter simulacrum (Zig:25)
  29 insubstantial wisps
  9 elf zombies
  7 lost souls
  13 giant frogs
  3 cyclops zombies
  A wyvern skeleton (D:12)
  14 killer bees
  A queen bee zombie (Crypt:2)
  7 scorpions
  2 cyclops skeletons
  17 eyes of draining
  2 troll zombies
  A human simulacrum (Vaults:1)
  A hippogriff skeleton (Crypt:4)
  A troll skeleton (Crypt:4)
  A manticore simulacrum (D:15)
  3 electric eels
  A pulsating lump (Lair:6)
  26 wights
  Dowan (D:4)
  A giant frog zombie (D:10)
  6 big fish
  15 crimson imps
  A lava worm zombie (Crypt:4)
  4 goliath beetles
  2 quasits
  19 orc priests
  2 two-headed ogre zombies
  Crazy Yiuf (D:6)
  23 iron imps
  9 jellies
  A giant frog skeleton (Crypt:2)
  9 hounds
  9 iguanas
  A spectral killer bee (Zig:19)
  An orange rat (D:8)
  30 orc wizards
  30 worker ants
  Natasha (thrice) (D:3)
  A lightning spire (Zig:5)
  A big kobold zombie (D:15)
  A naga zombie (Crypt:3)
  A mottled dragon skeleton (Crypt:2)
  6 sheep
  An ogre skeleton (D:5)
  102 mummies
  A worker ant zombie (D:7)
  7 gnolls
  52 green rats
  31 adders
  17 shadow imps
  A swamp drake zombie (Swamp:5)
  A giant mite (D:5)
  7 white imps
  7 worms
  25 ufetubi
  An adder skeleton (D:4)
  5 orc zombies
  A spectral giant mite (Crypt:2)
  25 giant eyeballs
  An iguana skeleton (Crypt:1)
  12 oozes
  172 orcs
  A ball python (D:2)
  A bat zombie (Crypt:1)
  A giant cockroach (D:3)
  33 goblins
  21 hobgoblins
  28 jackals
  3 quokkas
  18 bats
  12 giant geckos
  6 giant newts
  3 giant spores
  A gnoll skeleton (D:6)
  A gnoll zombie (Crypt:4)
  A goblin skeleton (D:4)
  38 kobolds
  A kobold zombie (D:15)
  An orc simulacrum (Tomb:3)
  An orc skeleton (Crypt:3)
  25 rats
  A rat zombie (D:7)
  7 ballistomycetes
  45 briar patches
  A bush (Zig:25)
  2 butterflies
  3 crawling corpses
  6 plants
  4 starspawn tentacles (Abyss:1)
6112 creatures vanquished.

Vanquished Creatures (collateral kills)
  A greater mummy (Zig:25)
  2 Orb Guardians (Zot:5)
  A deep elf sorcerer (Elf:3)
  A deep elf demonologist (Vaults:4)
  A stone giant (Zig:12)
  A mottled draconian (Zot:5)
  A pale draconian (Zig:12)
  A mummy priest (Zig:25)
  An ironheart preserver (D:13)
  3 vault guards
  A hydra (Lair:8)
  A death yak (Depths:4)
  A sun demon (Hell)
  A soul eater (Hell)
  A centaur warrior (Vaults:4)
  2 deep elf knights
  A deep troll (Depths:5)
  A red wasp (Spider:3)
  An elephant (Lair:8)
  A wolf spider (Spider:3)
  A sixfirhy (Vaults:4)
  A spriggan zombie (Zig:25)
  An orange demon (Zot:2)
  A giant firefly (Depths:4)
  A wandering mushroom (Zig:7)
  An iron devil (Depths:4)
  A jumping spider (Spider:4)
  A baby alligator (Swamp:3)
  A blink frog (Lair:2)
  A flying skull (Tomb:2)
  A spriggan (Depths:4)
  A deep elf fighter (Depths:4)
  2 orc warriors (Crypt:1)
  A yellow wasp (Spider:1)
  A crimson imp (Geh:7)
  A mummy (Tomb:2)
  An ufetubus (Swamp:5)
  A giant eyeball (Depths:3)
  3 orcs (Crypt:1)
46 creatures vanquished.

Vanquished Creatures (others)
  2 acid blobs (Slime:6)
  6 Executioners
  A Shadow Fiend (Tar:7)
  An ancient champion (Zig:9)
  3 azure jellies (Slime:6)
  An iron dragon (Dis:7)
  A frost giant (shapeshifter) (Zig:27)
  2 fire giants
  10 balrugs
  3 cacodemons
  A draconian knight (Zig:16)
  3 reapers
  A deep elf annihilator (Zig:17)
  A chaos champion (Zig:27)
  A white draconian (Zig:26)
  A mummy priest (Zig:25)
  4 sun demons
  A soul eater (Depths:5)
  A shadow wraith (Tar:7)
  A death drake (Zig:22)
  A frost giant zombie (Hell)
  6 sixfirhies
  A draconian zombie (Zig:26)
  2 tormentors
  2 smoke demons (Depths:5)
  A spiny frog (Zig:21)
  A white draconian zombie (Zig:26)
  2 guardian mummies
  A deep elf mage (D:15)
  An ice dragon skeleton (Geh:7)
  A human (Swamp:4)
  A vampire mosquito (Zig:22)
  A wraith (Zig:11)
  2 deep elf fighters (Depths:4)
  A tarantella (shapeshifter) (Zig:27)
  A swamp drake (Swamp:4)
  3 lost souls
  An insubstantial wisp (Swamp:3)
  30 quasits
  32 crimson imps
  32 iron imps
  An orc wizard (D:10)
  A mummy (Tomb:2)
  2 shadow imps (Tomb:2)
  24 white imps
  25 ufetubi
  A kobold (D:12)
  A lurking horror (Abyss:1)
  4 briar patches (Zig:23)
  A butterfly (Spider:2)
  2 crawling corpses (Depths:4)
  37 eldritch tentacle segments
  5 fungi
  A plant (Lair:2)
  6 starspawn tentacles
  7 starspawn tentacle segments (Abyss:1)
  5 toadstools (D:1)
291 creatures vanquished.

Grand Total: 6449 creatures vanquished

Notes
Turn   | Place    | Note
--------------------------------------------------------------
     0 | D:1      | bloodax, the Demonspawn Air Elementalist, began the quest for the Orb.
     0 | D:1      | Reached XP level 1. HP: 13/13 MP: 3/3
   169 | D:1      | Gained mutation: You are slightly more attuned to the shadows. [demonic ancestry]
   169 | D:1      | Reached XP level 2. HP: 5/19 MP: 0/4
   942 | D:2      | Gained mutation: You have a somewhat thin skeletal structure (Dex +2, Stealth). [demonic ancestry]
   942 | D:2      | Reached XP level 3. HP: 18/25 MP: 0/6
  1032 | D:2      | Reached skill level 1 in Fighting
  1421 | D:2      | Gained mutation: You have a moderately thin skeletal structure (Dex +4, Stealth+). [demonic ancestry]
  1421 | D:2      | Reached XP level 4. HP: 32/32 MP: 1/8
  1915 | D:3      | Noticed Natasha
  2061 | D:3      | Gained mutation: You have a pair of small horns on your head. [demonic ancestry]
  2061 | D:3      | Reached XP level 5. HP: 31/38 MP: 5/10
  2071 | D:3      | Reached skill level 3 in Dodging
  2108 | D:3      | Noticed Sigmund
  2142 | D:3      | Killed Sigmund
  2279 | D:3      | Found an iron altar of Okawaru.
  2306 | D:3      | Became a worshipper of Warmaster Okawaru
  2368 | D:3      | Killed Natasha
  2438 | D:3      | Gained mutation: You are significantly more attuned to the shadows. [demonic ancestry]
  2438 | D:3      | Reached XP level 6. HP: 41/46 MP: 4/12
  2484 | D:3      | Noticed Natasha
  2490 | D:3      | Killed Natasha
  2564 | D:3      | Noticed Natasha
  2569 | D:3      | Killed Natasha
  2711 | D:4      | Noticed Duvessa
  2747 | D:4      | Killed Duvessa
  2757 | D:4      | Noticed Dowan
  3078 | D:4      | Killed Dowan
  3271 | D:5      | Entered Level 5 of the Dungeon
  3316 | D:5      | Reached skill level 4 in Dodging
  3316 | D:5      | Reached XP level 7. HP: 13/52 MP: 3/15
  3433 | D:5      | Learned a level 2 spell: Repel Missiles
  3558 | D:5      | Acquired Okawaru's first power
  3630 | D:5      | Noticed a hungry ghost
  3648 | D:5      | Killed a hungry ghost
  3668 | D:5      | Reached skill level 5 in Dodging
  3697 | D:5      | Reached skill level 5 in Stealth
  3697 | D:5      | Reached XP level 8. HP: 46/61 MP: 10/16
  4413 | D:6      | Reached skill level 5 in Fighting
  4590 | D:6      | Noticed Crazy Yiuf
  4615 | D:6      | Killed Crazy Yiuf
  5091 | D:6      | Found a glowing silver altar of Zin.
  5093 | D:6      | Found a basalt altar of Yredelemnul.
  5095 | D:6      | Found a shattered altar of Ashenzari.
  5145 | D:7      | Found Siole's Assorted Antiques.
  5161 | D:7      | Bought a jewelled cutlass for 234 gold pieces
  5163 | D:7      | Identified the +10,+10 cutlass of Contention {speed, Str+2} (You bought it in a shop on level 7 of the Dungeon)
  5180 | D:7      | Bought a smoky blue potion {tried by monster} for 23 gold pieces
  5180 | D:7      | Bought a slimy inky potion for 23 gold pieces
  5301 | D:7      | Reached skill level 6 in Stealth
  5319 | D:7      | Noticed bloodax's ghost (experienced DsAE)
  5344 | D:7      | Killed bloodax's ghost
  5344 | D:7      | Reached XP level 9. HP: 39/71 MP: 18/18
  5357 | D:7      | Paralysed by a giant eyeball for 3 turns
  5537 | D:7      | Identified a -1 rod of ignition (14/14) (You found it on level 7 of the Dungeon)
  5554 | D:7      | Found a staircase to the Ecumenical Temple.
  5562 | Temple   | Entered the Ecumenical Temple
  5740 | D:8      | Found Cryplown's General Store.
  6111 | D:8      | Reached skill level 7 in Stealth
  6430 | D:8      | Noticed Pikel
  6441 | D:8      | Killed Pikel
  6586 | D:9      | Noticed a gargoyle
  6594 | D:9      | Killed a gargoyle
  6613 | D:9      | Noticed Eustachio
  6619 | D:9      | Killed Eustachio
  6619 | D:9      | Reached XP level 10. HP: 79/79 MP: 19/19
  7217 | D:10     | Entered Level 10 of the Dungeon
  7248 | D:10     | Found a deep blue altar of Sif Muna.
  7316 | D:10     | Reached skill level 8 in Stealth
  7436 | D:10     | Acquired Okawaru's second power
  7537 | D:10     | Found a portal to a secret trove of treasure.
  7540 | D:10     | Reached skill level 5 in Short Blades
  8147 | D:11     | Reached skill level 9 in Stealth
  8179 | D:11     | Reached XP level 11. HP: 58/87 MP: 20/20
  8533 | D:11     | Received a gift from Okawaru
  8590 | D:11     | Got a brightly glowing great sword {god gift}
  8606 | D:11     | Identified the +10,+5 great sword "Skoijoge" {flame, rElec Int-4} (Okawaru gifted it to you on level 11 of the Dungeon)
  8716 | D:11     | Found a staircase to the Lair.
  8807 | D:11     | Noticed a cyclops
  8831 | D:11     | Killed a cyclops
  8836 | D:11     | Noticed a manticore
  8853 | D:11     | Killed a manticore
  8996 | D:11     | Received a gift from Okawaru
  9035 | D:11     | Reached skill level 10 in Stealth
  9051 | D:11     | Got a twisted ring mail {god gift}
  9061 | D:11     | Identified the +4 ring mail of Lilynide {rF++ Dam+4} (Okawaru gifted it to you on level 11 of the Dungeon)
  9430 | D:12     | Reached skill level 1 in Armour
  9432 | D:12     | Reached skill level 10 in Fighting
  9529 | D:12     | Found a staircase to the Orcish Mines.
  9749 | D:12     | Noticed a hill giant
  9757 | D:12     | Killed a hill giant
  9804 | D:12     | Noticed a hill giant
  9820 | D:12     | Killed a hill giant
  9820 | D:12     | Gained mutation: A weak demonic guardian rushes to your aid. [demonic ancestry]
  9820 | D:12     | Reached XP level 12. HP: 97/97 MP: 19/21
  9860 | D:12     | Noticed Erolcha
  9867 | D:12     | Killed Erolcha
 10097 | D:13     | Found Fiyna's Antique Weapon Shop.
 10179 | D:13     | Reached skill level 10 in Dodging
 10292 | D:13     | Noticed an ironheart preserver
 10338 | D:13     | Killed an ironheart preserver
 10349 | D:13     | Noticed Fannar
 10370 | D:13     | Killed Fannar
 10433 | D:14     | Learned a level 2 spell: Swiftness
 10586 | D:15     | Entered Level 15 of the Dungeon
 10593 | D:15     | Noticed Rupert
 10622 | D:15     | Killed Rupert
 10623 | D:15     | Noticed an ogre mage
 10646 | D:15     | Killed an ogre mage
 10646 | D:15     | Received a gift from Okawaru
 10649 | D:15     | Reached skill level 11 in Fighting
 10736 | D:15     | Reached skill level 5 in Armour
 10764 | D:15     | Noticed an ogre mage
 10776 | D:15     | Killed an ogre mage
 10802 | D:15     | Gained mutation: You are completely attuned to the shadows. [demonic ancestry]
 10802 | D:15     | Reached XP level 13. HP: 104/106 MP: 23/23
 11037 | D:15     | Noticed Frances
 11039 | D:15     | Killed Frances
 11284 | Lair:1   | Entered Level 1 of the Lair of Beasts
 11649 | D:7      | Bought a sharpened brass wand for 104 gold pieces
 11974 | D:8      | Bought a wand of digging (8) for 336 gold pieces
 12840 | Lair:1   | Learned a level 5 spell: Silence
 12847 | Lair:1   | Learned a level 6 spell: Haste
 13007 | Lair:1   | Received a gift from Okawaru
 13347 | Lair:2   | Reached skill level 5 in Spellcasting
 13599 | Lair:2   | Noticed Nergalle
 13623 | Lair:2   | Killed Nergalle
 13623 | Lair:2   | Reached skill level 10 in Short Blades
 14310 | Lair:3   | Found a staircase to the Swamp.
 14644 | Lair:4   | Found a hole to the Spider Nest.
 15711 | Lair:5   | Received a gift from Okawaru
 16427 | Lair:6   | Gained mutation: You have a pair of horns on your head. [demonic ancestry]
 16427 | Lair:6   | Reached XP level 14. HP: 104/113 MP: 24/26
 16510 | Lair:6   | Found a staircase to the Slime Pits.
 16624 | Lair:6   | Noticed Snorg
 16644 | Lair:6   | Killed Snorg
 17678 | Lair:7   | Noticed Maud
 17684 | Lair:7   | Killed Maud
 18614 | Lair:8   | Entered Level 8 of the Lair of Beasts
 18706 | Lair:8   | Gained mutation: You digest meat inefficiently. [mutagenic glow]
 18784 | Lair:8   | Gained mutation: Space occasionally distorts in your vicinity. [mutagenic glow]
 19195 | Lair:8   | Received a gift from Okawaru
 19199 | Lair:8   | Got a polished dagger {god gift}
 19200 | Lair:8   | Identified the +0,+0 dagger of the Sage {flame, rF+ Dex-4 SInv Stlth--} (Okawaru gifted it to you on level 8 of the Lair of Beasts)
 19574 | Lair:8   | Reached skill level 12 in Fighting
 20166 | Lair:6   | Reached skill level 5 in Air Magic
 20356 | Lair:2   | Lost mutation: Space occasionally distorts in your vicinity. [potion of cure mutation]
 20356 | Lair:2   | Lost mutation: You digest meat inefficiently. [potion of cure mutation]
 20515 | Swamp:1  | Entered Level 1 of the Swamp
 20631 | Swamp:1  | Received a gift from Okawaru
 20637 | Swamp:1  | Got a smoking buckler {god gift}
 20641 | Swamp:1  | Identified the +1 buckler "Mnutt" {Stlth+} (Okawaru gifted it to you on level 1 of the Swamp)
 20962 | Swamp:1  | Reached XP level 15. HP: 93/121 MP: 26/29
 22709 | Swamp:3  | Noticed a thorn hunter
 22756 | Swamp:3  | Killed a thorn hunter
 23020 | Swamp:3  | Got a wavering bone ring
 23021 | Swamp:3  | Identified the ring "Shul" {rF+ rC+ Dam+4} (You found it on level 3 of the Swamp)
 23125 | Swamp:3  | Noticed Asterion
 23316 | Swamp:3  | Noticed a spectral weapon
 23342 | Swamp:3  | Killed Asterion
 23709 | Swamp:4  | Noticed Kirke
 23713 | Swamp:4  | Killed Kirke
 23913 | Swamp:4  | Received a gift from Okawaru
 24038 | Swamp:4  | Noticed Norris
 24041 | Swamp:4  | Paralysed by Norris for 4 turns
 24066 | Swamp:4  | Killed Norris
 24552 | Swamp:5  | Entered Level 5 of the Swamp
 24619 | Swamp:5  | Reached skill level 13 in Stealth
 24901 | Swamp:5  | Gained mutation: You have an unnaturally thin skeletal structure (Dex +6, Stealth++). [demonic ancestry]
 24901 | Swamp:5  | Reached XP level 16. HP: 122/129 MP: 31/31
 25286 | Swamp:5  | Noticed a bone dragon
 25337 | Swamp:5  | Killed a bone dragon
 26091 | Swamp:5  | Received a gift from Okawaru
 26225 | Swamp:5  | Got a decaying rune of Zot
 26446 | Spider:1 | Entered Level 1 of the Spider Nest
 27516 | Spider:2 | Noticed bloodax's ghost (powerful DsAE)
 27555 | Spider:2 | Killed bloodax's ghost
 27848 | Spider:3 | Received a gift from Okawaru
 27881 | Spider:3 | Reached skill level 14 in Stealth
 28257 | Spider:3 | Reached skill level 1 in Charms
 29360 | Spider:4 | Reached XP level 17. HP: 131/137 MP: 32/32
 29803 | Spider:5 | Entered Level 5 of the Spider Nest
 29886 | Spider:5 | Received a gift from Okawaru
 30620 | Spider:5 | Received a gift from Okawaru
 30652 | Spider:5 | Got a transparent cloak {god gift}
 30661 | Spider:5 | Identified the +3 cloak "Crelae Neell" {rPois MR+ Stlth} (Okawaru gifted it to you on level 5 of the Spider Nest)
 30670 | Spider:5 | Got a gossamer rune of Zot
 31990 | Orc:1    | Entered Level 1 of the Orcish Mines
 32112 | Orc:1    | Found a roughly hewn altar of Beogh.
 32198 | Orc:1    | Found a roughly hewn altar of Beogh.
 32470 | Orc:2    | Found a frozen archway.
 32565 | IceCv    | Entered an ice cave
 32591 | IceCv    | Reached skill level 1 in Shields
 32600 | IceCv    | Got a twitching tin ring
 32677 | Orc:2    | Identified the cursed ring of Twagalul {Dex-2 Int+4} (You found it in an ice cave)
 32765 | Orc:2    | Found Ozoeh's Food Boutique.
 32838 | Orc:4    | Entered Level 4 of the Orcish Mines
 33011 | Orc:4    | Found a staircase to the Elven Halls.
 33583 | Orc:4    | Found Okkunuh's Distillery.
 33603 | Orc:4    | Found Urro's Distillery.
 33610 | Orc:4    | Found Schul's Food Boutique.
 33624 | Orc:4    | Reached skill level 5 in Charms
 33649 | Orc:4    | Found Shraimogo's Assorted Antiques.
 33790 | Orc:4    | Bought a potion of agility for 30 gold pieces
 33790 | Orc:4    | Bought a potion of brilliance for 30 gold pieces
 33790 | Orc:4    | Bought a potion of curing for 24 gold pieces
 33790 | Orc:4    | Bought a potion of heal wounds for 36 gold pieces
 33790 | Orc:4    | Bought a potion of haste for 84 gold pieces
 33790 | Orc:4    | Bought a potion of curing for 24 gold pieces
 33790 | Orc:4    | Bought a potion of beneficial mutation for 420 gold pieces
 33793 | Orc:4    | Bought 2 potions of curing for 60 gold pieces
 33793 | Orc:4    | Bought a potion of curing for 30 gold pieces
 33793 | Orc:4    | Bought a potion of curing for 30 gold pieces
 33793 | Orc:4    | Bought a potion of heal wounds for 45 gold pieces
 33793 | Orc:4    | Bought 2 potions of agility for 75 gold pieces
 33904 | Elf:1    | Entered Level 1 of the Elven Halls
 33984 | Elf:1    | Noticed Sonja
 33996 | Elf:1    | Killed Sonja
 34007 | Elf:1    | Reached skill level 1 in Hexes
 34152 | Elf:1    | Reached skill level 10 in Spellcasting
 34557 | Elf:1    | Gained mutation: You have a pair of large horns on your head. [demonic ancestry]
 34557 | Elf:1    | Reached XP level 18. HP: 146/146 MP: 34/34
 35043 | Elf:2    | Received a gift from Okawaru
 35437 | Elf:2    | Found Enopsi's Assorted Antiques.
 35830 | Elf:3    | Entered Level 3 of the Elven Halls
 35926 | Elf:3    | Found Atzudde's Antique Weapon Emporium.
 36257 | Elf:3    | Reached skill level 5 in Hexes
 36500 | Elf:3    | Reached skill level 10 in Air Magic
 36500 | Elf:3    | Cast into the Abyss (deep elf sorcerer)
 36654 | Elf:3    | Escaped the Abyss
 36656 | Elf:3    | Noticed a Brimstone Fiend
 36884 | Elf:3    | Received a gift from Okawaru
 37059 | Elf:3    | Reached skill level 5 in Shields
 37185 | Elf:3    | Got a pitted quarterstaff
 37185 | Elf:3    | Got a brightly glowing troll leather armour
 37514 | Elf:3    | Identified the cursed +3 troll leather armour of Whack-A-Mole {rC+} (You took it off a deep elf death mage on level 3 of the Elven Halls)
 37521 | Elf:3    | Identified the +8,+8 quarterstaff "Smuvy" {antimagic, -Cast rC+} (You took it off a deep elf high priest on level 3 of the Elven Halls)
 37653 | Elf:3    | Identified Sophisticated Spellcraft
 37655 | Elf:3    | Identified the Guide on Transformation and Intoxication
 37731 | Elf:3    | Got a distressingly furry scale mail
 37734 | Elf:3    | Got an uncursed brightly glowing battleaxe
 37745 | Elf:3    | Identified the +8,+11 battleaxe "Orb Guardian's Doom" {chop, rC+ Stlth++} (You took it off a deep elf knight on level 3 of the Elven Halls)
 37765 | Elf:3    | Identified the cursed -5 scale mail of Surprise {rC++ Dam+2} (You took it off a deep elf priest on level 3 of the Elven Halls)
 37868 | Elf:3    | Identified the Handbook of Creative Stolen Souls (You found it on level 3 of the Elven Halls)
 37871 | Elf:3    | Got a distressingly furry chain mail
 38239 | Elf:3    | Identified the +6 chain mail of Dithmenos' Supremacy {Str+2 Stlth++} (You found it on level 3 of the Elven Halls)
 38300 | Elf:3    | Got a brightly glowing plate armour
 38312 | Elf:3    | Identified the cursed -3 plate armour "Jirr" {MR++ Int+2} (You found it on level 3 of the Elven Halls)
 38465 | Elf:2    | Bought a potion of curing for 58 gold pieces
 38465 | Elf:2    | Bought a potion of heal wounds for 87 gold pieces
 38616 | Orc:4    | Bought a potion of cure mutation for 525 gold pieces
 38885 | Lair:2   | Learned a level 6 spell: Invisibility
 38892 | Lair:2   | Learned a level 6 spell: Deflect Missiles
 38896 | Lair:2   | Learned a level 3 spell: Regeneration
 38912 | Lair:2   | Learned a level 1 spell: Apportation
 38920 | Lair:2   | Learned a level 7 spell: Darkness
 39079 | Slime:1  | Entered Level 1 of the Pits of Slime
 39084 | Slime:1  | Received a gift from Okawaru
 39139 | Slime:1  | Gained mutation: Your magical and physical power is slightly enhanced at high health. [demonic ancestry]
 39139 | Slime:1  | Reached XP level 19. HP: 148/152 MP: 20/35
 39424 | Slime:4  | Reached skill level 10 in Hexes
 39539 | Slime:6  | Entered Level 6 of the Pits of Slime
 39847 | Slime:6  | Paralysed by a giant eyeball for 3 turns
 40081 | Slime:6  | Found a viscous altar of Jiyva.
 40085 | Slime:6  | Noticed the royal jelly
 40108 | Slime:6  | Killed the royal jelly
 40209 | Slime:6  | Got a slimy rune of Zot
 40260 | Slime:6  | Gained mutation: Your magical capacity is low (-10% MP). [a shining eye]
 40339 | Slime:6  | Got a pitted plate armour
 40398 | Slime:6  | Identified the +8 plate armour of a bailey {Str-3} (You found it on level 6 of the Pits of Slime)
 40903 | D:13     | Found a gate to the Vaults.
 40903 | D:13     | Noticed a vault guard
 40904 | D:13     | Noticed a vault guard
 40904 | D:13     | Noticed a vault guard
 40904 | D:13     | Noticed a vault guard
 40911 | D:13     | Killed a vault guard
 40921 | D:13     | Killed a vault guard
 40931 | D:13     | Killed a vault guard
 40942 | D:13     | Killed a vault guard
 41347 | D:14     | Noticed a four-headed hydra
 41350 | D:14     | Killed a five-headed hydra
 41421 | D:14     | Found a gate to the Vaults.
 41421 | D:14     | Noticed an ogre mage
 41422 | D:14     | Killed an ogre mage
 41425 | D:14     | the gate to the Vaults was a mimic.
 42049 | D:15     | Noticed Josephine
 42049 | D:15     | Noticed a stone giant
 42051 | D:15     | Killed Josephine
 42083 | D:15     | Killed a stone giant
 42106 | D:15     | Received a gift from Okawaru
 42199 | D:15     | Found a snail-covered altar of Cheibriados.
 42517 | D:15     | Identified Astralid's Tome of Dhcmrlchtdj
 42601 | D:15     | Identified the Almanac of Plaster Cramp
 42613 | D:15     | Identified Lehudib's Grimoire of Axaxaxas mlö (You found it on level 15 of the Dungeon)
 42680 | D:15     | Found a staircase to the Depths.
 42683 | D:15     | Noticed an ogre mage
 42693 | D:15     | Killed an ogre mage
 42962 | Depths:1 | Entered Level 1 of the Depths
 42964 | Depths:1 | Found a gateway to Hell.
 43404 | Depths:1 | Gained mutation: Your magical and physical power is enhanced at high health. [demonic ancestry]
 43404 | Depths:1 | Reached XP level 20. HP: 156/159 MP: 32/32
 43830 | Depths:2 | Noticed Sojobo
 43855 | Depths:2 | Killed Sojobo
 44101 | Depths:2 | Found a gateway to a ziggurat.
 44267 | Depths:2 | Noticed Agnes
 44347 | Depths:2 | Received a gift from Okawaru
 44348 | Depths:2 | Got a faintly humming cloak {god gift}
 44366 | Depths:2 | Killed Agnes
 44380 | Depths:2 | Identified the +2 cloak "Xosm" {Dex+4} (Okawaru gifted it to you on level 2 of the Depths)
 44621 | Depths:2 | Noticed a golden dragon
 44637 | Depths:2 | Killed a golden dragon
 45253 | Depths:3 | Received a gift from Okawaru
 45258 | Depths:3 | Paralysed by a giant eyeball for 2 turns
 45277 | Depths:3 | Got a pair of dazzling gloves {god gift}
 45281 | Depths:3 | Identified the +0 pair of gloves of Negligence {Str+4 Dex+3} (Okawaru gifted it to you on level 3 of the Depths)
 45361 | Depths:3 | Found a one-way gate leading to the halls of Pandemonium.
 45607 | Depths:3 | Gained mutation: A demonic guardian rushes to your aid. [demonic ancestry]
 45607 | Depths:3 | Reached XP level 21. HP: 134/165 MP: 32/34
 45628 | Depths:3 | Reached skill level 10 in Charms
 45840 | Depths:4 | Reached skill level 1 in Necromancy
 45872 | Depths:4 | Reached skill level 15 in Dodging
 46189 | Depths:4 | Found a shimmering altar of Xom.
 46311 | Depths:4 | Reached skill level 5 in Necromancy
 46366 | Depths:4 | Found a blossoming altar of Fedhas.
 46584 | Depths:4 | Received a gift from Okawaru
 46774 | Depths:4 | Found an iron altar of Okawaru.
 46845 | Depths:4 | Noticed Margery
 46851 | Depths:4 | Killed Margery
 46906 | Depths:4 | Found a bloodstained altar of Trog.
 46942 | Depths:4 | Found a one-way gate to the infinite horrors of the Abyss.
 47134 | Depths:4 | Received a gift from Okawaru
 47530 | Depths:5 | Entered Level 5 of the Depths
 47530 | Depths:5 | Noticed Xtahua
 47535 | Depths:5 | Killed Xtahua
 47642 | Depths:5 | Reached XP level 22. HP: 172/172 MP: 35/35
 47687 | Depths:5 | Found a gate to the Realm of Zot.
 47800 | Depths:5 | Reached skill level 10 in Necromancy
 48265 | Depths:5 | Received a gift from Okawaru
 48292 | Depths:5 | Got a faintly humming chain mail {god gift}
 48311 | Depths:5 | Identified the +8 chain mail "Struaz" {Acc+3 Dam+6 Curse} (Okawaru gifted it to you on level 5 of the Depths)
 48609 | Hell     | Entered the Vestibule of Hell
 48635 | Hell     | Noticed Geryon
 48677 | Hell     | Killed Geryon
 48789 | Hell     | Found a gateway to the Iron City of Dis.
 48856 | Hell     | Found a gateway to the freezing wastes of Cocytus.
 48870 | Hell     | Reached skill level 16 in Dodging
 49141 | Hell     | Found a gateway to the decaying netherworld of Tartarus.
 49263 | Hell     | Found a gateway to the ashen valley of Gehenna.
 49378 | Hell     | Reached skill level 10 in Armour
 49750 | Vaults:1 | Entered Level 1 of the Vaults
 50148 | Vaults:1 | Gained mutation: A powerful demonic guardian rushes to your aid. [demonic ancestry]
 50148 | Vaults:1 | Reached XP level 23. HP: 178/178 MP: 36/36
 51132 | Vaults:2 | Found Kiur's Magic Scroll Emporium.
 51173 | Vaults:2 | Found Pusan's Antique Armour Emporium.
 51216 | Vaults:2 | Found Ysialel's General Store.
 51342 | Vaults:2 | Found Otiwn's Antique Weapon Emporium.
 51433 | Vaults:2 | Received a gift from Okawaru
 51434 | Vaults:2 | Got a pair of crude boots {god gift}
 51438 | Vaults:2 | Identified the +1 pair of boots of the Wilderness {Dex+3 Int+2} (Okawaru gifted it to you on level 2 of the Vaults)
 51724 | Vaults:2 | Identified Phadonguag's Papyrus of Damage Dealing
 52164 | Vaults:2 | Found Zeoror's Antique Weapon Shop.
 52254 | Vaults:2 | Found a staircase to the Crypt.
 52341 | Vaults:3 | Found Mommip's Assorted Antiques.
 52594 | Vaults:3 | Noticed Frederick
 52599 | Vaults:3 | Killed Frederick
 52687 | Vaults:3 | Reached skill level 15 in Air Magic
 53501 | Vaults:4 | Found a staircase to the Hall of Blades.
 53562 | Vaults:4 | Received a gift from Okawaru
 53565 | Vaults:4 | Got a twisted dagger {god gift}
 53574 | Vaults:4 | Identified the +4,+7 dagger of Peace {venom, rF++} (Okawaru gifted it to you on level 4 of the Vaults)
 54340 | Vaults:5 | Entered Level 5 of the Vaults
 54361 | Vaults:4 | Reached skill level 15 in Necromancy
 54455 | Vaults:4 | Received a gift from Okawaru
 54599 | Vaults:4 | Gained mutation: Your magical and physical power is greatly enhanced at high health. [demonic ancestry]
 54599 | Vaults:4 | Reached XP level 24. HP: 130/185 MP: 36/36
 55083 | Vaults:5 | Got a silver rune of Zot
 55378 | Vaults:5 | Identified a scroll of acquirement
 55414 | Vaults:5 | Identified the Papyrus of the Snowflakes
 55828 | Vaults:5 | Identified a +5 rod of ignition (11/11) (You found it on level 5 of the Vaults)
 55864 | Vaults:5 | Identified the Almanac of Enchantment
 55923 | Vaults:5 | Reached skill level 15 in Spellcasting
 55975 | Vaults:5 | Identified the Disquisition on Translocation (You found it on level 5 of the Vaults)
 56021 | Vaults:5 | Got a steaming golden ring
 56398 | Vaults:5 | Received a gift from Okawaru
 56447 | Vaults:5 | Identified the ring of Najaawumm {+Fly Dex+5} (You found it on level 5 of the Vaults)
 56472 | Vaults:5 | Learned a level 6 spell: Mass Confusion
 56476 | Vaults:5 | Learned a level 3 spell: Confuse
 56611 | Blade    | Entered the Hall of Blades
 57126 | Crypt:1  | Entered Level 1 of the Crypt
 57127 | Crypt:1  | Noticed Saint Roka
 57141 | Crypt:1  | Killed Saint Roka
 57231 | Crypt:1  | Noticed Donald
 57234 | Crypt:1  | Killed Donald
 57251 | Crypt:1  | Noticed hcnick's ghost (mighty DESu)
 57265 | Crypt:1  | Killed hcnick's ghost
 57457 | Crypt:1  | Got a twisted chain mail
 57472 | Crypt:1  | Identified the cursed -5 chain mail of Trog's Whim {+Inv rElec rC+} (You found it on level 1 of the Crypt)
 58036 | Crypt:2  | Received a gift from Okawaru
 58036 | Crypt:2  | Reached XP level 25. HP: 191/191 MP: 37/37
 58341 | Crypt:2  | Found a staircase to the Tomb.
 58341 | Crypt:2  | Noticed Wiglaf
 58343 | Crypt:2  | Killed Wiglaf
 58532 | Crypt:2  | Noticed Mennas
 58567 | Crypt:2  | Killed Mennas
 59945 | Crypt:3  | Reached skill level 17 in Air Magic
 59993 | Crypt:3  | Received a gift from Okawaru
 61277 | Crypt:5  | Entered Level 5 of the Crypt
 61549 | Crypt:5  | Found a basalt altar of Yredelemnul.
 61549 | Crypt:5  | Noticed an ancient lich
 61558 | Crypt:5  | Killed an ancient lich
 61736 | Crypt:5  | Received a gift from Okawaru
 61739 | Crypt:5  | Got a crude dagger {god gift}
 61740 | Crypt:5  | Identified the +8,+10 dagger of Bankruptcy {flame, rF+ Dex+3} (Okawaru gifted it to you on level 5 of the Crypt)
 61759 | Crypt:5  | Identified a +7 rod of ignition (11/11) (You found it on level 5 of the Crypt)
 62359 | Crypt:5  | Got a crystal mace
 62360 | Crypt:5  | Identified the +10,+5 mace of Generosity {crush, Dex+4} (You found it on level 5 of the Crypt)
 63043 | Hell     | Learned a level 9 spell: Tornado
 63351 | Temple   | Fell from the grace of Okawaru
 63351 | Temple   | Became a worshipper of Makhleb the Destroyer
 63483 | Trove    | Entered a treasure trove
 63491 | Trove    | Got a brightly glowing cloak
 63541 | Trove    | Identified the -2 cloak "Khies" {Dex+3} (You found it in a treasure trove)
 63749 | Vaults:2 | Bought a scroll of magic mapping for 45 gold pieces
 63749 | Vaults:2 | Bought a scroll of identify for 26 gold pieces
 63749 | Vaults:2 | Bought a scroll of identify for 26 gold pieces
 63749 | Vaults:2 | Bought a scroll of enchant armour for 97 gold pieces
 63749 | Vaults:2 | Bought a scroll of identify for 26 gold pieces
 63806 | Vaults:2 | Bought a potion of curing for 32 gold pieces
 63806 | Vaults:2 | Bought a potion of magic for 88 gold pieces
 63806 | Vaults:2 | Bought a scroll of recharging for 152 gold pieces
 63807 | Vaults:2 | Bought 2 potions of confusion for 32 gold pieces
 63843 | Vaults:3 | Bought a potion of heal wounds for 93 gold pieces
 63843 | Vaults:3 | Bought a scroll of remove curse for 93 gold pieces
 64264 | Lair:2   | Learned a level 5 spell: Lee's Rapid Deconstruction
 64620 | Zig:1    | Entered Level 1 of a ziggurat
 64636 | Zig:2    | Entered Level 2 of a ziggurat
 64667 | Zig:3    | Entered Level 3 of a ziggurat
 64716 | Zig:4    | Entered Level 4 of a ziggurat
 64742 | Zig:4    | Reached XP level 26. HP: 189/198 MP: 30/39
 64751 | Zig:4    | Reached skill level 18 in Air Magic
 65056 | Zig:5    | Entered Level 5 of a ziggurat
 65078 | Zig:5    | Acquired Makhleb's first power
 65116 | Zig:6    | Entered Level 6 of a ziggurat
 65287 | Zig:7    | Entered Level 7 of a ziggurat
 65308 | Zig:7    | Acquired Makhleb's second power
 65314 | Zig:7    | Reached skill level 15 in Armour
 65334 | Zig:7    | Got a crude bone ring
 65352 | Zig:8    | Entered Level 8 of a ziggurat
 65472 | Zig:8    | Identified the ring "Zoto" {Hunger Str+1 Dex+5} (You found it on level 7 of a ziggurat)
 65509 | Zig:8    | Acquired Makhleb's third power
 65547 | Zig:9    | Entered Level 9 of a ziggurat
 65648 | Zig:9    | Got a steaming plate armour
 65665 | Zig:9    | Identified the +10 plate armour "Plueps" {Dex+4 Int+3} (You found it on level 9 of a ziggurat)
 65707 | Zig:9    | Reached skill level 19 in Air Magic
 65707 | Zig:9    | Reached XP level 27. HP: 204/204 MP: 40/40
 65711 | Zig:10   | Entered Level 10 of a ziggurat
 65767 | Zig:10   | Got a crude ivory ring
 65798 | Zig:10   | Identified the ring of the Coward {+Rage rF+ rC+ SInv} (You found it on level 10 of a ziggurat)
 65811 | Zig:11   | Entered Level 11 of a ziggurat
 65830 | Zig:11   | Acquired Makhleb's fourth power
 65853 | Zig:11   | Identified the Disquisition on Companions
 65856 | Zig:11   | Identified Khufu's Catalogue of Black Magic
 65859 | Zig:11   | Reached skill level 20 in Air Magic
 65874 | Zig:12   | Entered Level 12 of a ziggurat
 65933 | Zig:12   | Acquired Makhleb's fifth power
 66028 | Zig:12   | Reached skill level 21 in Air Magic
 66084 | Zig:13   | Entered Level 13 of a ziggurat
 66169 | Zig:13   | Identified Thretoenu's Tome of the Sunfish (You found it on level 13 of a ziggurat)
 66312 | Zig:14   | Entered Level 14 of a ziggurat
 66358 | Zig:14   | Reached skill level 22 in Air Magic
 66482 | Zig:15   | Entered Level 15 of a ziggurat
 66699 | Zig:16   | Entered Level 16 of a ziggurat
 66727 | Zig:16   | Reached skill level 23 in Air Magic
 66793 | Zig:16   | Gained mutation: You tend to lose your temper in combat. [a cacodemon]
 66901 | Zig:16   | Learned a level 8 spell: Necromutation
 66933 | Zig:17   | Entered Level 17 of a ziggurat
 66976 | Zig:17   | Reached skill level 24 in Air Magic
 66979 | Zig:17   | Identified the Papyrus of Companions and Dislocation
 67088 | Zig:17   | Got a scintillating pewter ring
 67100 | Zig:17   | Identified a +2 rod of ignition (14/14) (You found it on level 17 of a ziggurat)
 67105 | Zig:17   | Identified the Guide on Bewitchment
 67121 | Zig:17   | Learned a level 2 spell: Cure Poison
 67136 | Zig:17   | Identified the Handbook of the Eternal Fruit (You found it on level 17 of a ziggurat)
 67172 | Zig:17   | Identified the ring of Froy {+Rage rN+} (You found it on level 17 of a ziggurat)
 67179 | Zig:18   | Entered Level 18 of a ziggurat
 67298 | Zig:18   | Identified Sif Muna's Tome of Excruciating Weightlessness (You found it on level 18 of a ziggurat)
 67302 | Zig:18   | Got a slimy ring mail
 67314 | Zig:18   | Identified the cursed -4 ring mail of Femnuexoe {Str+3 Dex+3 Curse} (You found it on level 18 of a ziggurat)
 67330 | Zig:18   | Got a faintly humming ring mail
 67337 | Zig:18   | Identified the +2 ring mail "Bomnoc" {rPois rC+ SInv} (You found it on level 18 of a ziggurat)
 67395 | Zig:19   | Entered Level 19 of a ziggurat
 67582 | Zig:19   | Noticed an ancient lich
 67591 | Zig:19   | Killed an ancient lich
 67591 | Zig:19   | Reached skill level 1 in Transmutations
 67630 | Zig:19   | Noticed an ancient lich
 67641 | Zig:19   | Killed an ancient lich
 67744 | Zig:20   | Entered Level 20 of a ziggurat
 67789 | Zig:20   | Reached skill level 5 in Transmutations
 67905 | Zig:20   | Identified Sif Muna's Incunabulum of Ashen Transmutation (You found it on level 20 of a ziggurat)
 67961 | Zig:21   | Entered Level 21 of a ziggurat
 67996 | Zig:21   | Reached skill level 25 in Air Magic
 68106 | Zig:21   | Lost mutation: You tend to lose your temper in combat. [potion of cure mutation]
 68106 | Zig:21   | Lost mutation: Your magical capacity is low (-10% MP). [potion of cure mutation]
 68157 | Zig:21   | Identified the Catalogue of Envenoming (You found it on level 21 of a ziggurat)
 68216 | Zig:21   | Got a bloodstained scale mail
 68229 | Zig:21   | Identified the cursed +1 scale mail of Elyvilon's Esteem {Acc+4 Dam+2} (You found it on level 21 of a ziggurat)
 68242 | Zig:21   | Got a brightly glowing plate armour
 68254 | Zig:21   | Identified the cursed +6 plate armour of Duck's Teeth {+Fly rF+} (You found it on level 21 of a ziggurat)
 68311 | Zig:22   | Entered Level 22 of a ziggurat
 68422 | Zig:22   | Reached skill level 10 in Transmutations
 68439 | Zig:22   | Got a heavily runed crystal amulet
 68496 | Zig:22   | Identified a +0 rod of inaccuracy (10/10) (You found it on level 22 of a ziggurat)
 68499 | Zig:22   | Got an ancient ring mail
 68511 | Zig:22   | Identified the +1 ring mail of the Salmon {+Rage +Fly rPois Str+3} (You found it on level 22 of a ziggurat)
 68569 | Zig:22   | Identified the amulet "Loqy" {Stasis rPois} (You found it on level 22 of a ziggurat)
 68620 | Zig:23   | Entered Level 23 of a ziggurat
 68756 | Zig:23   | Identified the Compendium of Mutagenic Bewitchment (You found it on level 23 of a ziggurat)
 68818 | Zig:24   | Entered Level 24 of a ziggurat
 68863 | Zig:24   | Reached skill level 26 in Air Magic
 68970 | Zig:24   | Identified the Handbook of Quantum Moulding (You found it on level 24 of a ziggurat)
 68983 | Zig:24   | Learned a level 2 spell: Sublimation of Blood
 68992 | Zig:24   | Identified the Compendium of Darkness and Good Luck (You found it on level 24 of a ziggurat)
 69037 | Zig:24   | Got a brightly glowing scale mail
 69050 | Zig:24   | Identified the +4 scale mail of Supple Strength {Str+2 Int-3} (You found it on level 24 of a ziggurat)
 69124 | Zig:25   | Entered Level 25 of a ziggurat
 69153 | Zig:25   | Noticed an ancient lich
 69163 | Zig:25   | Killed an ancient lich
 69330 | Zig:25   | Got a sparkling brass ring
 69332 | Zig:25   | Got a flickering wooden ring
 69343 | Zig:25   | Got a shimmering tin amulet
 69357 | Zig:25   | Identified Hasmeuj's Incunabulum of Self-Knowledge (You found it on level 25 of a ziggurat)
 69361 | Zig:25   | Learned a level 2 spell: Sure Blade
 69370 | Zig:25   | Got a faintly glowing cloak
 69382 | Zig:25   | Identified the +1 cloak "Playka" {Str+2 Int+2} (You found it on level 25 of a ziggurat)
 69386 | Zig:25   | Identified the ring "Aduy" {+/*Tele +Rage MR++} (You found it on level 25 of a ziggurat)
 69392 | Zig:25   | Identified the ring "Heteug" {+Fly MR++ Dam+5} (You found it on level 25 of a ziggurat)
 69393 | Zig:25   | Identified the amulet of Gigis {Stasis rF+} (You found it on level 25 of a ziggurat)
 69433 | Zig:25   | Got a shimmering chain mail
 69448 | Zig:25   | Identified the +6 chain mail of Kikubaaqudgha's Esteem {rElec SInv} (You found it on level 25 of a ziggurat)
 69450 | Zig:25   | Was forgiven by Okawaru
 69489 | Zig:26   | Entered Level 26 of a ziggurat
 69553 | Zig:26   | Reached skill level 15 in Transmutations
 69553 | Zig:26   | Reached skill level 27 in Air Magic
 69567 | Zig:26   | Reached skill level 1 in Evocations
 69574 | Zig:26   | Reached skill level 5 in Evocations
 69673 | Zig:26   | Reached skill level 10 in Evocations
 69682 | Zig:26   | Identified a +3 rod of shadows (13/13) (You found it on level 26 of a ziggurat)
 69697 | Zig:26   | Got a slimy cloak
 69720 | Zig:26   | Identified the +0 cloak "Klaq" {rF+ rN+ MR+ Curse} (You found it on level 26 of a ziggurat)
 69746 | Zig:27   | Entered Level 27 of a ziggurat
 69775 | Zig:27   | Noticed Cifeg the pandemonium lord
 69775 | Zig:27   | Noticed Ocuofuwi the pandemonium lord
 69778 | Zig:27   | Noticed Zagied the pandemonium lord
 69781 | Zig:27   | Noticed Uwyfeomib the pandemonium lord
 69783 | Zig:27   | Noticed Laveskea the pandemonium lord
 69785 | Zig:27   | Noticed Leenufups the pandemonium lord
 69794 | Zig:27   | Noticed Lesea the pandemonium lord
 69794 | Zig:27   | Killed Uwyfeomib the pandemonium lord
 69794 | Zig:27   | Killed Ocuofuwi the pandemonium lord
 69795 | Zig:27   | Reached skill level 15 in Fighting
 69795 | Zig:27   | Killed Zagied the pandemonium lord
 69796 | Zig:27   | Noticed Gunymaepp the pandemonium lord
 69796 | Zig:27   | Noticed Phar the pandemonium lord
 69797 | Zig:27   | Noticed Horuahol the pandemonium lord
 69799 | Zig:27   | Killed Cifeg the pandemonium lord
 69801 | Zig:27   | Noticed Byaweoru the pandemonium lord
 69802 | Zig:27   | Noticed Platsah the pandemonium lord
 69803 | Zig:27   | Noticed Vufien the pandemonium lord
 69806 | Zig:27   | Killed Lesea the pandemonium lord
 69811 | Zig:27   | Killed Gunymaepp the pandemonium lord
 69814 | Zig:27   | Killed Leenufups the pandemonium lord
 69816 | Zig:27   | Killed Vufien the pandemonium lord
 69817 | Zig:27   | Killed Horuahol the pandemonium lord
 69817 | Zig:27   | Killed Laveskea the pandemonium lord
 69818 | Zig:27   | Killed Phar the pandemonium lord
 69818 | Zig:27   | Killed Platsah the pandemonium lord
 69822 | Zig:27   | Killed Byaweoru the pandemonium lord
 69824 | Zig:27   | Noticed Ecan the pandemonium lord
 69834 | Zig:27   | Noticed Khaotih the pandemonium lord
 69836 | Zig:27   | Noticed Suptunung the pandemonium lord
 69843 | Zig:27   | Killed Ecan the pandemonium lord
 69849 | Zig:27   | Killed Khaotih the pandemonium lord
 69858 | Zig:27   | Killed Suptunung the pandemonium lord
 69893 | Zig:27   | Gained mutation: Armour fits poorly on your strangely shaped body. [mutagenic glow]
 69922 | Zig:27   | Got a vibrating copper ring
 69926 | Zig:27   | Got a shimmering shield
 69931 | Zig:27   | Identified a +4 rod of striking (9/9) (You found it on level 27 of a ziggurat)
 69950 | Zig:27   | Lost mutation: Armour fits poorly on your strangely shaped body. [potion of cure mutation]
 69965 | Zig:27   | Identified the Handbook of Companions and the Snowflakes (You found it on level 27 of a ziggurat)
 69980 | Zig:27   | Identified the +1 shield "Zete" {Str+2 Dex+1 Int+2} (You found it on level 27 of a ziggurat)
 70014 | Zig:27   | Identified the ring of the Open Hand {rN+ Dex+4} (You found it on level 27 of a ziggurat)
 70133 | Bailey   | Entered a bailey
 70166 | Bailey   | Got a slimy lapis lazuli ring
 70171 | Bailey   | Identified the ring "Dacwyc" {+Blink rPois rN+} (You took it off a kobold in a bailey)
 70228 | Bailey   | Found a burning altar of Makhleb.
 70476 | Pan      | Entered Pandemonium
 70604 | Pan      | Noticed Dyitz the pandemonium lord
 70618 | Pan      | Killed Dyitz the pandemonium lord
 70912 | Pan      | Reached skill level 15 in Stealth
 71251 | Pan      | Noticed Dakynu the pandemonium lord
 71267 | Pan      | Killed Dakynu the pandemonium lord
 71699 | Pan      | Noticed Foecwuwn the pandemonium lord
 71713 | Pan      | Killed Foecwuwn the pandemonium lord
 71846 | Pan      | Noticed Gaiqaguph the pandemonium lord
 71859 | Pan      | Killed Gaiqaguph the pandemonium lord
 71917 | Pan      | Got a demonic rune of Zot
 72169 | Pan      | Noticed Twanedag the pandemonium lord
 72516 | Pan      | Found an exit through the horrors of the Abyss.
 72765 | Pan      | Killed Twanedag the pandemonium lord
 72910 | Pan      | Found an exit through the horrors of the Abyss.
 72916 | Pan      | Took an exit into the Abyss.
 72916 | Abyss:1  | Escaped into the Abyss
 73035 | Depths:3 | Escaped the Abyss
 73099 | Pan      | Entered Pandemonium
 73263 | Pan      | Found an exit through the horrors of the Abyss.
 73334 | Pan      | Found an exit through the horrors of the Abyss.
 73445 | Pan      | Noticed Psalayzi the pandemonium lord
 73467 | Pan      | Killed Psalayzi the pandemonium lord
 73522 | Pan      | Reached skill level 10 in Shields
 73546 | Pan      | Entered the realm of Lom Lobon.
 73927 | Pan      | Noticed Lom Lobon
 73963 | Pan      | Killed Lom Lobon
 73980 | Pan      | Got a magical rune of Zot
 74239 | Pan      | Entered the realm of Gloorx Vloq.
 74490 | Pan      | Noticed Gloorx Vloq
 74517 | Pan      | Killed Gloorx Vloq
 74549 | Pan      | Got a dark rune of Zot
 74649 | Pan      | Entered the realm of Mnoleg.
 74828 | Pan      | Noticed Mnoleg
 74832 | Pan      | Killed Mnoleg
 74863 | Pan      | Got a sparkling glass ring
 74896 | Pan      | Got a glowing rune of Zot
 74937 | Pan      | Identified the ring of Uqetuuh {rElec rPois rC+ SInv} (You found it in Pandemonium)
 75138 | Pan      | Found an exit through the horrors of the Abyss.
 75273 | Pan      | Entered the realm of Cerebov.
 75531 | Pan      | Got a pitted bronze amulet
 75548 | Pan      | Identified a +3 rod of destruction (13/13) (You found it in Pandemonium)
 75563 | Pan      | Identified the amulet "Fica Sabos" {+Rage Dam+6} (You found it in Pandemonium)
 75566 | Pan      | Got a bronze scale mail
 75579 | Pan      | Identified the +4 scale mail "Zauj" {Str+2 Dex-2} (You found it in Pandemonium)
 75630 | Pan      | Noticed Cerebov
 75807 | Pan      | Killed Cerebov
 75840 | Pan      | Got a fiery rune of Zot
 76179 | Pan      | Noticed Ziluffui the pandemonium lord
 76185 | Pan      | Killed Ziluffui the pandemonium lord
 76203 | Depths:3 | Escaped Pandemonium
 76291 | Depths:4 | Voluntarily entered the Abyss.
 77468 | Abyss:5  | Entered Level 5 of the Abyss
 77753 | Abyss:5  | Paralysed by a giant eyeball for 2 turns
 78124 | Abyss:5  | Got an abyssal rune of Zot
 78134 | Abyss:5  | Found a glowing golden altar of the Shining One.
 78295 | Depths:4 | Escaped the Abyss
 78325 | Depths:4 | Learned a level 8 spell: Death's Door
 78446 | Dis:1    | Entered Level 1 of the Iron City of Dis
 78559 | Dis:3    | You fall through a shaft!
 79034 | Dis:7    | Entered Level 7 of the Iron City of Dis
 79484 | Dis:7    | Got a vibrating granite ring
 79541 | Dis:7    | Reached skill level 15 in Shields
 79920 | Dis:7    | Noticed Dispater
 79965 | Dis:7    | Killed Dispater
 80015 | Dis:7    | Got an iron rune of Zot
 80144 | Coc:1    | Entered Level 1 of Cocytus
 80159 | Hell     | Identified the ring of Activism {Fire Str+5 Int+2} (You found it on level 7 of the Iron City of Dis)
 80219 | Hell     | Learned a level 3 spell: Flight
 80869 | Coc:7    | Entered Level 7 of Cocytus
 80949 | Coc:7    | Noticed Antaeus
 81030 | Coc:7    | Killed Antaeus
 81093 | Coc:7    | Got an icy rune of Zot
 81163 | Coc:7    | Got a heavily runed amber ring
 81540 | Hell     | Identified the ring "Willil Ufoux" {+/*Tele SInv Stlth--} (You found it on level 7 of Cocytus)
 81595 | Geh:1    | Entered Level 1 of Gehenna
 81776 | Geh:7    | Entered Level 7 of Gehenna
 81822 | Geh:7    | Reached skill level 15 in Hexes
 81991 | Geh:7    | Noticed the Serpent of Hell
 82007 | Geh:7    | Killed the Serpent of Hell
 82333 | Geh:7    | Noticed Asmodeus
 82371 | Geh:7    | Killed Asmodeus
 82400 | Geh:7    | Got an obsidian rune of Zot
 82402 | Geh:7    | Got a pitted garnet amulet
 82425 | Geh:7    | Identified the amulet of Modesty {+Rage +Inv Acc-5} (You found it on level 7 of Gehenna)
 82642 | Tar:1    | Entered Level 1 of Tartarus
 83582 | Tar:7    | Entered Level 7 of Tartarus
 83926 | Tar:7    | Got a ripped robe
 84002 | Tar:7    | Got a transparent silver ring
 84186 | Tar:7    | Got an ebony war axe
 84189 | Tar:7    | Identified the +3,+8 war axe "Menn" {freeze, +Rage rN+ Str+4} (You found it on level 7 of Tartarus)
 84283 | Tar:7    | Identified Further Steps in Sorcery (You found it on level 7 of Tartarus)
 84381 | Tar:7    | Identified Sif Muna's Papyrus of Curses and Stones (You found it on level 7 of Tartarus)
 84416 | Tar:7    | Got an ancient scale mail
 84419 | Tar:7    | Identified the +2 scale mail "Skig" {rPois rF+} (You found it on level 7 of Tartarus)
 84419 | Tar:7    | Identified the ring of Peesisi {-Cast +Fly Dam+3} (You found it on level 7 of Tartarus)
 84419 | Tar:7    | Identified the +1 robe of the Fiend {rF+} (You found it on level 7 of Tartarus)
 84927 | Tar:7    | Noticed Ereshkigal
 84970 | Tar:7    | Killed Ereshkigal
 85019 | Tar:7    | Got a bone rune of Zot
 85194 | Zot:1    | Entered Level 1 of the Realm of Zot
 85471 | Zot:5    | Entered Level 5 of the Realm of Zot
 85708 | Zot:5    | Noticed an ancient lich
 85711 | Zot:5    | Killed an ancient lich
 85720 | Zot:5    | Noticed an orb of fire
 85725 | Zot:5    | Noticed an ancient lich
 85732 | Zot:5    | Killed an orb of fire
 85735 | Zot:5    | Killed an ancient lich
 85737 | Zot:5    | Noticed an ancient lich
 85740 | Zot:5    | Noticed an ancient lich
 85740 | Zot:5    | Killed an ancient lich
 85748 | Zot:5    | Killed an ancient lich
 85800 | Zot:5    | Noticed an orb of fire
 85810 | Zot:5    | Noticed an orb of fire
 85828 | Zot:5    | Killed an orb of fire
 85870 | Zot:5    | Got the Orb of Zot
 85883 | Zot:5    | Noticed an ancient lich
 85890 | Zot:5    | Killed an ancient lich
 86010 | Zot:4    | Noticed Diuckeg the pandemonium lord
 86020 | Zot:4    | Killed Diuckeg the pandemonium lord
 86304 | Zot:1    | Gained mutation: You have sharp toenails. [a cacodemon]
 86305 | Zot:1    | Gained mutation: You digest meat inefficiently. [a cacodemon]
 86394 | Hell     | Lost mutation: You have sharp toenails. [potion of cure mutation]
 86394 | Hell     | Lost mutation: You digest meat inefficiently. [potion of cure mutation]
 86888 | Crypt:2  | Gained mutation: You have a fast metabolism. [a neqoxec]
 86915 | Tomb:1   | Entered Level 1 of the Tomb of the Ancients
 86986 | Tomb:1   | Noticed Kienue the pandemonium lord
 86994 | Tomb:1   | Killed Kienue the pandemonium lord
 87057 | Tomb:1   | Noticed Skoim the pandemonium lord
 87074 | Tomb:1   | Killed Skoim the pandemonium lord
 87291 | Tomb:2   | Noticed Tuyryon the pandemonium lord
 87297 | Tomb:2   | Killed Tuyryon the pandemonium lord
 87309 | Tomb:2   | Reached skill level 27 in Spellcasting
 87539 | Tomb:2   | Noticed Jeets the pandemonium lord
 87611 | Tomb:3   | Entered Level 3 of the Tomb of the Ancients
 87679 | Tomb:3   | Got a golden rune of Zot
 87887 | Tomb:3   | Noticed Ushryuhoa the pandemonium lord
 87892 | Tomb:3   | Killed Ushryuhoa the pandemonium lord
 88148 | Crypt:1  | Lost mutation: You have a fast metabolism. [potion of cure mutation]
 88474 | D:9      | Noticed Ykhlugymi the pandemonium lord
 88486 | D:9      | Killed Ykhlugymi the pandemonium lord
 88568 | D:8      | Noticed Mnemny the pandemonium lord
 88576 | D:8      | Killed Mnemny the pandemonium lord
 88586 | D:8      | Noticed Ciog the pandemonium lord
 88598 | D:8      | Killed Ciog the pandemonium lord
 88835 | D:1      | Gained mutation: You can translocate small distances at will. [potion of beneficial mutation]
 88836 | D:1      | Gained mutation: You can breathe flames. [potion of beneficial mutation]
 88837 | D:1      | Gained mutation: Your flesh is cold resistant. [potion of beneficial mutation]
 88838 | D:1      | Gained mutation: You have sharp toenails. [potion of beneficial mutation]
 88849 | D:1      | Upgraded the game from 0.14.1-24-gbdbe590 to 0.14.1-25-g305bacd
 88849 | D:1      | enough
 88850 | D:$      | Escaped with the Orb!

Action                   |  1- 3 |  4- 6 |  7- 9 | 10-12 | 13-15 | 16-18 | 19-21 | 22-24 | 25-27 || total
-------------------------+-------+-------+-------+-------+-------+-------+-------+-------+-------++-------
Melee: Unarmed           |    56 |       |       |       |   192 |       |       |       |    13 ||   261
       Short sword       |     7 |     6 |       |       |       |       |       |       |       ||    13
       Dagger            |       |     7 |       |       |       |       |       |       |       ||     7
       Trident           |       |    28 |       |       |       |       |       |       |       ||    28
       Cutlass           |       |    15 |   257 |   758 |  1273 |  2105 |  1376 |  1775 |  6267 || 13826
       Quarterstaff      |       |       |    43 |       |       |       |       |       |       ||    43
       Great sword       |       |       |       |       |     8 |       |       |       |       ||     8
       Staff             |       |       |       |       |       |       |       |       |    25 ||    25
 Fire: Blowgun           |       |       |     2 |       |     5 |     6 |       |       |       ||    13
 Cast: Shock             |    79 |   155 |    30 |     1 |       |     3 |       |       |       ||   268
       Repel Missiles    |       |       |       |     1 |       |     1 |       |       |       ||     2
       Silence           |       |       |       |       |       |    16 |     4 |     3 |     4 ||    27
       Deflect Missiles  |       |       |       |       |       |     1 |     3 |     2 |     6 ||    12
       Regeneration      |       |       |       |       |       |       |    20 |    15 |    14 ||    49
       Invisibility      |       |       |       |       |       |       |     9 |    10 |    14 ||    33
       Darkness          |       |       |       |       |       |       |     1 |       |    19 ||    20
       Mass Confusion    |       |       |       |       |       |       |       |     5 |    50 ||    55
       Confuse           |       |       |       |       |       |       |       |     3 |     2 ||     5
       Tornado           |       |       |       |       |       |       |       |       |   154 ||   154
       Necromutation     |       |       |       |       |       |       |       |       |   137 ||   137
       Haste             |       |       |       |       |       |       |       |       |    24 ||    24
       Flight            |       |       |       |       |       |       |       |       |     8 ||     8
       Sure Blade        |       |       |       |       |       |       |       |       |     3 ||     3
       Sublimation of Bl |       |       |       |       |       |       |       |       |     2 ||     2
       Cure Poison       |       |       |       |       |       |       |       |       |     1 ||     1
Invok: Heroism           |       |       |    10 |    30 |    45 |    45 |    38 |    30 |     3 ||   201
 Abil: Evoke Flight      |       |       |       |       |       |     2 |       |       |       ||     2
       End Transformatio |       |       |       |       |       |       |       |       |    15 ||    15
Evoke: Wand              |       |       |     3 |     5 |    17 |    14 |    10 |       |    46 ||    95
       Rod               |       |       |       |       |     4 |       |       |       |       ||     4
       Horn of Geryon    |       |       |       |       |       |       |       |     1 |       ||     1
       Staff of energy   |       |       |       |       |       |       |       |       |     7 ||     7
       Deck              |       |       |       |       |       |       |       |       |    12 ||    12
  Use: Scroll            |       |    15 |    14 |     7 |    26 |    23 |    15 |    10 |    93 ||   203
       Potion            |       |     3 |     1 |     5 |    13 |    12 |    13 |     7 |    84 ||   138
 Stab: Sleeping          |       |     4 |    33 |    57 |   168 |   155 |   130 |   145 |   239 ||   931
       Invisible         |       |       |     4 |     7 |       |     8 |    17 |    24 |    38 ||    98
       Distracted        |       |       |     3 |     5 |    12 |    26 |     9 |    13 |    61 ||   129
       Confused          |       |       |     3 |       |     4 |       |       |     4 |    27 ||    38
       Paralysed         |       |       |       |     1 |     4 |       |       |       |       ||     5
       Held in net/web   |       |       |       |       |       |       |     1 |       |       ||     1
